 Dungeon Crawl Stone Soup version 0.17-a0-2073-gde5cdba (console) character file.

1634 Kellhus the Basher (level 8, -3/58 HPs)
             Began as a Mummy Chaos Knight on Oct 15, 2015.
             Slain by a sixfirhy (7 damage)
             ... summoned by the capriciousness of Xom
             ... on level 7 of the Dungeon.
             The game lasted 00:12:53 (6401 turns).

Kellhus the Basher (Mummy Chaos Knight)             Turns: 6401, Time: 00:12:53

Health: -3/58      AC: 14    Str: 18    XL:     8   Next: 66%
Magic:  8/8        EV: 11    Int: 11    God:    Xom [*.....]
Gold:   308        SH:  0    Dex: 11    Spells: 0 memorised, 7 levels left

rFire  x . .     SeeInvis .     a - +0 morningstar
rCold  + . .     Clarity  .     f - +0 plate armour
rNeg   + + +     SustAt   .     (no shield)
rPois  ∞         Gourm    .     d - +2 helmet (curse)
rElec  .         Spirit   .     (no cloak)
rCorr  .         Warding  .     v - +0 pair of gloves
rMut   .         Stasis   .     (no boots)
MR     +....                    (no amulet)
Stlth  ..........               x - +2 ring of evasion
                                g - +4 ring of evasion

@: somewhat resistant to hostile enchantments, extremely unstealthy
A: no food or potions, fire vulnerability, cold resistance 1, negative energy
resistance 3, torment resistance, unbreathing
a: Renounce Religion


You were on level 7 of the Dungeon.
You worshipped Xom.
You were a special plaything of Xom.
You were not hungry.

You visited 1 branch of the dungeon, and saw 7 of its levels.

You collected 308 gold pieces.

Inventory:

Hand Weapons
 a - a +0 morningstar (weapon)
 m - a +0 mace of chaos
 w - the +6 dagger of Poverty {pain, rC++ MP+9 Str-4, unknown}
   (You found it on level 5 of the Dungeon)

   In the hands of one skilled in necromantic magic, it inflicts extra damage on
   living creatures.
   It affects your strength (-4).
   It greatly protects you from cold.
   It affects your magic capacity (+9).
Armour
 b - a +2 leather armour
 d - a cursed +2 helmet (worn)
 f - a +0 plate armour (worn)
 q - a cursed +0 buckler
 r - the +2 robe of Nont {-Tele rF+ rN+}
   (You found it on level 4 of the Dungeon)

   It protects you from fire.
   It protects you from negative energy.
   It prevents most forms of teleportation.
 v - a +0 pair of gloves (worn)
Jewellery
 g - a +4 ring of evasion (left hand)
 t - an uncursed amulet of stasis
 x - a +2 ring of evasion (right hand)
Wands
 j - a wand of frost (18)
 k - a wand of fireball (0)
 n - a wand of teleportation (3)
 p - a wand of flame (17)
 s - a wand of invisibility (3)
 u - a wand of digging (14)
Scrolls
 e - 2 scrolls of identify
 h - 3 scrolls of remove curse
 y - a scroll of noise {unknown}
 z - a scroll of enchant weapon {unknown}
 B - 3 scrolls of amnesia {unknown}
 C - a scroll of teleportation
Books
 A - a book of Alchemy

   Spells                             Type                      Level
   a - Sublimation of Blood           Necromancy                   2
   b - Ignite Poison                  Fire/Transmutation/Poison    3
   c - Alistair's Intoxication        Transmutation/Poison         4
   d - Condensation Shield            Ice                          4
   e - Petrify                        Transmutation/Earth          4
   f - Irradiate                      Conjuration/Transmutation    5


   Skills:
 - Level 3.0 Fighting
 + Level 9.6 Maces & Flails
 - Level 1.5 Armour
 - Level 0.7 Dodging


You had 7 spell levels left.
You didn't know any spells.

Dungeon Overview and Level Annotations

Branches:
Dungeon (7/15)             Temple (0/1) D:6

Altars:
Cheibriados
Dithmenos
Elyvilon
Fedhas
Okawaru
Ru
Sif Muna
Zin


Innate Abilities, Weirdness & Mutations

You do not eat or drink.
Your flesh is vulnerable to fire.
You are immune to poison.
Your flesh is cold resistant.
You are immune to negative energy.
You are immune to unholy pain and torment.
You can survive without breathing.


Message History

Xom notices you.
Something forms from out of thin air!
The sixfirhy hits you! The sixfirhy shocks you! The sixfirhy barely misses you.
The sixfirhy barely misses you. x2
The sixfirhy hits you but does no damage.
The sixfirhy hits you. The sixfirhy shocks you! The sixfirhy barely misses you.
The sixfirhy hits you but does no damage.
The sixfirhy barely misses you.
The sixfirhy hits you but does no damage.
There is a stone staircase leading up here.
The sixfirhy hits you but does no damage. x2
The sixfirhy hits you. The sixfirhy shocks you!
* * * LOW HITPOINT WARNING * * *
The sixfirhy misses you.
The sixfirhy hits you but does no damage. x2
The sixfirhy hits you!
* * * LOW HITPOINT WARNING * * *
The sixfirhy shocks you!
You die...

#.....#.###########.#
##.##.#.# #.# #.##.#.#
#.# #....#.# #.#
##.##.#.#
########.######
#.....#.#
#.....(..##...#
##..#.#.#
#.#########...#
##..#.#.####.# #....+
#...#...4@.#.# #....#
###.#.#.##.#.# #.....
#.#.#.#4.#.# #.....
###.#....#.# #.#.(.
#.###....########.###.
#...>.................
####..###########.###.
#..............# ##
###.##._..###########


You could see a sixfirhy.

Vanquished Creatures
  Prince Ribbit (D:6)
  Menkaure (D:5)
  A water moccasin (D:7)
  An ice beast (D:7)
  A sky beast (D:5)
  A porcupine (D:6)
  A necrophage (D:7)
  A phantom (D:7)
  2 giant frogs
  A scorpion (D:5)
  A wyvern skeleton (D:7)
  A crimson imp (D:5)
  A hound (D:7)
  An orc priest (D:6)
  7 orc wizards
  3 worker ants
  A worker ant zombie (D:6)
  2 shadow imps
  3 adders
  An adder skeleton (D:6)
  8 worms
  4 giant geckos
  18 orcs
  11 hobgoblins
  4 jackals (D:3)
  11 kobolds
  A quokka (D:3)
  A ball python (D:6)
  4 bats
  4 giant cockroaches
  12 giant newts
  9 goblins
  8 rats
  A plant (D:2)
128 creatures vanquished.

Vanquished Creatures (collateral kills)
  An orc wizard (D:3)
  An orc (D:3)
  A giant newt (D:7)
3 creatures vanquished.

Grand Total: 131 creatures vanquished

Notes
Turn   | Place    | Note
--------------------------------------------------------------
     0 | D:1      | Kellhus the Mummy Chaos Knight began the quest for the Orb.
     0 | D:1      | Reached XP level 1. HP: 18/18 MP: 1/1
    56 | D:1      | XOM: divination: detect creatures
   153 | D:1      | You fall through a shaft!
   154 | D:2      | Found an iron altar of Okawaru.
   157 | D:2      | Reached XP level 2. HP: 21/24 MP: 2/2
   162 | D:2      | XOM: silly message
   395 | D:1      | XOM: divination: detect creatures
   885 | D:1      | Reached XP level 3. HP: 29/29 MP: 3/3
  1316 | D:2      | Reached skill level 4 in Maces & Flails
  1614 | D:2      | Reached XP level 4. HP: 35/35 MP: 4/4
  1796 | D:2      | XOM: silly message
  1964 | D:3      | Found a glowing silver altar of Zin.
  1996 | D:3      | Found a white marble altar of Elyvilon.
  2111 | D:3      | XOM: harmless Hex miscast
  2120 | D:3      | XOM: silly message
  2142 | D:3      | XOM: confuse monster(s)
  2283 | D:3      | Found a blossoming altar of Fedhas.
  2379 | D:3      | XOM: silly message
  2607 | D:3      | XOM: noise
  2656 | D:3      | XOM: fog
  2663 | D:3      | XOM: enchant monster (good)
  2669 | D:3      | XOM: confuse monster(s)
  2669 | D:3      | Reached XP level 5. HP: 41/41 MP: 5/5
  2675 | D:3      | XOM: god gift: buckler {god gift}
  2740 | D:3      | Reached skill level 5 in Maces & Flails
  2825 | D:3      | XOM: mild Erth miscast
  2976 | D:4      | Got a tattered robe
  2987 | D:4      | Identified the +2 robe of Nont {-Tele rF+ rN+} (You found it on level 4 of the Dungeon)
  3225 | D:4      | XOM: 1-stop teleportation journey
  3508 | D:5      | Entered Level 5 of the Dungeon
  3517 | D:5      | XOM: god gift: 24 stones
  3571 | D:5      | XOM: summons friendly crimson imp
  3580 | D:5      | Reached XP level 6. HP: 35/47 MP: 6/6
  3582 | D:5      | Noticed a sky beast
  3593 | D:5      | Killed a sky beast
  3593 | D:5      | Reached skill level 6 in Maces & Flails
  3616 | D:5      | XOM: vitrification
  3721 | D:5      | Noticed Menkaure
  3728 | D:5      | XOM: fog
  3732 | D:5      | Killed Menkaure
  3803 | D:5      | Reached XP level 7. HP: 50/52 MP: 7/7
  3811 | D:5      | Got an encrusted dagger
  3851 | D:5      | XOM: god gift: ring of evasion {god gift}
  4394 | D:6      | Noticed Prince Ribbit
  4399 | D:6      | XOM: summons friendly quasit
  4402 | D:6      | Killed Prince Ribbit
  4402 | D:6      | Reached skill level 7 in Maces & Flails
  4649 | D:6      | XOM: god gift: 13 royal jellies
  4655 | D:6      | Found a staircase to the Ecumenical Temple.
  4734 | D:6      | XOM: fog
  4879 | D:6      | XOM: vitrification
  5023 | D:6      | XOM: chaos cloud
  5025 | D:6      | XOM: summons 2 friendly demons
  5056 | D:6      | XOM: butterfly on damage
  5235 | D:6      | XOM: 1-stop teleportation journey
  5243 | D:6      | XOM: noise
  5247 | D:6      | Reached skill level 8 in Maces & Flails
  5395 | D:6      | XOM: medium Hex miscast
  5442 | D:6      | XOM: mild Erth miscast
  5449 | D:6      | XOM: enchant monster (good)
  5462 | D:6      | Reached XP level 8. HP: 56/58 MP: 8/8
  5517 | D:6      | Found a sacrificial altar of Ru.
  5626 | D:7      | Found a snail-covered altar of Cheibriados.
  5666 | D:7      | XOM: harmless Air miscast
  5747 | D:7      | XOM: confuse monster(s)
  5748 | D:7      | XOM: confusion (+ monsters)
  5916 | D:7      | Found a deep blue altar of Sif Muna.
  5973 | D:7      | XOM: smoke on damage
  5979 | D:7      | Reached skill level 9 in Maces & Flails
  6079 | D:7      | XOM: summons friendly rust devil
  6259 | D:7      | Found a shadowy altar of Dithmenos.
  6277 | D:7      | XOM: noise
  6278 | D:7      | XOM: confusion (+ monsters)
  6292 | D:7      | XOM: confuse monster(s)
  6386 | D:7      | XOM: medium Summ miscast
  6387 | D:7      | Noticed a sixfirhy
  6401 | D:7      | Slain by a sixfirhy

Vault maps used:
D:1:      tarquinn_simple_flora_water_c, grunt_decor_cap, roderic_roman_lattice,
          hex_tiny
D:2:      okawaru_ov_weapons_minmay, first_bread, serial_forest,
          infiniplex_forest_zigzag_1, infiniplex_forest_clump_diagonal,
          infiniplex_forest_lined_room_, infiniplex_forest_lined_corner,
          infiniplex_forest_split, infiniplex_forest_clump_curved,
          infiniplex_forest_straight_2
D:3:      elyvilon_altar_4, fedhas_altar_fruit_tree, amethyst_killhole,
          lemuel_altar_in_water2
D:4:      lemuel_old_faithful
D:5:      uniq_menkaure
D:6:      kennysheep_little_box, minmay_temple_entry_poolview,
          uniq_prince_ribbit1
D:7:      led_sif_book, grunt_dithmenos_shadows, cheibriados_altar_1

Action                   |  1- 3 |  4- 6 |  7- 9 || total
-------------------------+-------+-------+-------++-------
Melee: Mace              |   174 |    50 |       ||   224
       Morningstar       |       |   202 |   186 ||   388
Evoke: Wand              |       |       |     6 ||     6
  Use: Scroll            |       |       |     6 ||     6
 Stab: Paralysed         |     1 |       |       ||     1
       Confused          |       |     1 |     2 ||     3
       Distracted        |       |       |     1 ||     1
       Petrified         |       |       |     1 ||     1
